 Dungeon Crawl Stone Soup version 0.29.0-4-gdea44cf6ec (webtiles) character file.

Game seed: 9152016931066457227

167 qw the Chopper (level 5, -1/30 HPs)
             Began as a Tengu Warper on Aug 29, 2022.
             Slain by Grinder (4 damage)
             ... on level 3 of the Dungeon.
             The game lasted 00:00:44 (3162 turns).

qw the Chopper (Tengu Warper)                       Turns: 3162, Time: 00:00:45

Health: -1/30      AC:  6    Str: 14    XL:     5   Next: 48%
Magic:  9/9        EV: 11    Int: 13    God:
Gold:   124        SH:  0    Dex: 13    Spells: 8/8 levels left

rFire   . . .      SeeInvis .   Y - +5 hand axe (venom)
rCold   . . .      Faith    .   (no shield)
rNeg    . . .      Spirit   .   c - +0 scale mail
rPois   .          Reflect  .   (helmet restricted)
rElec   .          Harm     .   e - scarf {repulsion}
rCorr   .          Rampage  .   (no gloves)
Will    .....                   (boots unavailable)
Stlth   ..........              (no amulet)
HPRegen 0.10/turn               (no ring)
MPRegen 0.11/turn               (no ring)

@: flying quickly and evasively, repel missiles, quick
A: beak, talons 3, nimble flight
a: no special abilities


You were on level 3 of the Dungeon.
You visited 1 branch of the dungeon, and saw 3 of its levels.

You collected 124 gold pieces.


Innate Abilities, Weirdness & Mutations

You have a beak for a mouth.
You have claws for feet.
Your magical nature lets you fly swiftly and evasively.


   Skills:
 - Level 2.0 Fighting
 + Level 6.1 Axes
 - Level 1.0 Throwing
 - Level 1.1 Armour
 - Level 2.1 Dodging
 - Level 2.0 Spellcasting
 - Level 2.4 Translocations


You had 8 spell levels left.
You didn't know any spells.
Your spell library contained the following spells:

 Spells                   Type           Power      Damage    Failure   Level
 Blink                    Tloc           14%        N/A       54%         2
 Gell's Gravitas          Tloc           7%         N/A       77%         3
 Lesser Beckoning         Tloc           7%         N/A       77%         3
 Teleport Other           Tloc           7%         N/A       77%         3
 Manifold Assault         Tloc           7%         N/A       100%        5

Inventory:

Hand Weapons
 a - a +0 flail
 Y - a +5 hand axe of venom (weapon)
Armour
 b - a +0 cloak
 c - a +0 scale mail (worn)
 e - a scarf of repulsion (worn)
Scrolls
 g - a scroll of vulnerability {unknown}
 h - a scroll of noise {unknown}
Potions
 d - a potion of heal wounds {unknown}
 f - a potion of might {unknown}

Dungeon Overview and Level Annotations

Branches:
Dungeon (3/15)

Altars:
Gozag

Shops:
D:1 :   D:3 *

Annotations:
D:3 Grinder


Message History

You hit the orc.
The orc is poisoned.
You claw the orc. You peck the orc.
You kill the orc!
You closely miss the orc. You barely miss the orc. You claw the orc.
The orc is heavily wounded.
The orc closely misses you.
You closely miss the orc.
The orc is heavily wounded.
You hit the orc.
The orc is poisoned.
The orc hits you but does no damage. The orc hits you with a +0 club.
You closely miss the orc. You claw the orc.
You kill the orc!
You hit the orc.
You kill the orc!
You start resting.
HP restored.
You see here a +0 club.
Items here: %% ))) [.
Found a stone staircase leading down.
There is a stone staircase leading down here.
Found 3 stones.
Grinder comes into view.
Grinder shouts!
3155 ||| Stepping ~*~*~tactically~*~*~ (hiding).
You start waiting.
Grinder is nearby!
You slash Grinder! You claw Grinder. Your peck misses Grinder.
Grinder is moderately wounded.
Grinder hits you!
You writhe in agony.
You hit Grinder. You peck Grinder.
Grinder is moderately wounded.
Grinder hits you.
You writhe in agony.
You hit Grinder.
Grinder is poisoned.
Grinder is moderately wounded.
Grinder gestures at you. Pain shoots through your body!
You barely miss Grinder. You claw Grinder.
Grinder is heavily wounded.
Grinder hits you.
You die...

#)#.# #.#
#.#.#####
#.#
###........
#.#
....#.#####
#.# ###.#.#
#. #>#
#.#.# ..
#.# ... #.
#.# ....
##.##.##.#
#.....
...(..5@.#
###.###
##.##.####
.# #. .. ##


You could see Grinder (very poisoned).

Vanquished Creatures
  Crazy Yiuf (D:2)
  Terence (D:2)
  Robin (D:2)
  3 adders
  2 dart slugs
  6 orcs (D:3)
  4 endoplasms
  3 giant cockroaches
  14 goblins
  9 hobgoblins
  2 quokkas (D:1)
  5 ball pythons
  3 bats
  2 frilled lizards
  5 kobolds
  4 rats
65 creatures vanquished.

Notes
Turn   | Place    | Note
-------+----------+-------------------------------------------
     0 | D:1      | qw the Tengu Warper began the quest for the Orb.
     0 | D:1      | Reached XP level 1. HP: 12/12 MP: 4/4
     0 | D:1      | 0 ||| qw: Version: 0.1-a-89-g26bdef1
     0 | D:1      | 0 ||| qw: Game counter: 3480
     0 | D:1      | 0 ||| qw: Always use a shield: true
     0 | D:1      | 0 ||| qw: God list: Okawaru
     0 | D:1      | 0 ||| qw: Allow faded altars: false
     0 | D:1      | 0 ||| qw: Do Orc after D:15 true
     0 | D:1      | 0 ||| qw: Do second Lair branch before Depths: true
     0 | D:1      | 0 ||| qw: Lair rune preference: random
     0 | D:1      | 0 ||| qw: Plans: Normal
     0 | D:1      | 0 ||| PLANNING D:1-11
     4 | D:1      | 4 ||| Stepping ~*~*~tactically~*~*~ (stealth).
     5 | D:1      | 5 ||| Stepping ~*~*~tactically~*~*~ (stealth).
   194 | D:1      | Reached XP level 2. HP: 17/17 MP: 6/6
   203 | D:1      | Reached skill level 3 in Axes
   569 | D:1      | 569 ||| DROPPING +0 club.
   574 | D:1      | Found Juig's Book Shoppe.
   822 | D:1      | 822 ||| Stepping ~*~*~tactically~*~*~ (stealth).
   876 | D:1      | 876 ||| DROPPING +0 whip.
   893 | D:1      | Reached XP level 3. HP: 14/21 MP: 7/7
  1050 | D:1      | 1050 ||| UPGRADING to scarf of repulsion.
  1055 | D:1      | 1055 ||| READING scroll labelled OXO GIUREUCOM.
  1056 | D:1      | 1056 ||| READING scroll labelled RIATET LOFA.
  1057 | D:1      | 1057 ||| DROPPING scroll of blinking.
  1101 | D:2      | Noticed Terence
  1111 | D:2      | Killed Terence
  1112 | D:2      | Reached skill level 4 in Axes
  1263 | D:2      | 1263 ||| DROPPING +1 whip of electrocution.
  1287 | D:2      | 1287 ||| Stepping ~*~*~tactically~*~*~ (stealth).
  1296 | D:2      | Reached XP level 4. HP: 17/26 MP: 8/8
  1298 | D:2      | 1298 ||| FLEEEEING.
  1299 | D:2      | 1299 ||| FLEEEEING.
  1300 | D:2      | 1300 ||| FLEEEEING.
  1302 | D:2      | 1302 ||| FLEEEEING.
  1303 | D:2      | 1303 ||| FLEEEEING.
  1304 | D:2      | 1304 ||| FLEEEEING.
  1305 | D:2      | 1305 ||| FLEEEEING.
  1306 | D:2      | 1306 ||| FLEEEEING.
  1307 | D:2      | 1307 ||| FLEEEEING.
  1309 | D:2      | 1309 ||| FLEEEEING.
  1311 | D:2      | 1311 ||| FLEEEEING.
  1312 | D:2      | 1312 ||| FLEEEEING.
  1313 | D:2      | 1313 ||| FLEEEEING.
  1314 | D:2      | 1314 ||| STAIRDANCE
  1471 | D:1      | 1471 ||| UPGRADING to +0 scale mail.
  1481 | D:1      | 1481 ||| DROPPING +0 leather armour.
  1736 | D:2      | Noticed Robin
  1737 | D:2      | 1737 ||| FLEEEEING.
  1743 | D:2      | 1743 ||| FLEEEEING.
  1748 | D:2      | 1748 ||| FLEEEEING.
  1753 | D:2      | 1753 ||| FLEEEEING.
  1754 | D:2      | 1754 ||| FLEEEEING.
  1755 | D:2      | 1755 ||| FLEEEEING.
  1757 | D:2      | 1757 ||| Stepping ~*~*~tactically~*~*~ (hiding).
  1769 | D:2      | Killed Robin
  1770 | D:2      | Reached skill level 5 in Axes
  1779 | D:2      | 1779 ||| FLEEEEING.
  1781 | D:2      | 1781 ||| FLEEEEING.
  1782 | D:2      | 1782 ||| FLEEEEING.
  1783 | D:2      | 1783 ||| FLEEEEING.
  1784 | D:2      | 1784 ||| FLEEEEING.
  1785 | D:2      | 1785 ||| FLEEEEING.
  1786 | D:2      | 1786 ||| FLEEEEING.
  1787 | D:2      | 1787 ||| FLEEEEING.
  1788 | D:2      | 1788 ||| FLEEEEING.
  1789 | D:2      | 1789 ||| FLEEEEING.
  1790 | D:2      | 1790 ||| FLEEEEING.
  1791 | D:2      | 1791 ||| FLEEEEING.
  1792 | D:2      | 1792 ||| FLEEEEING.
  1793 | D:2      | 1793 ||| FLEEEEING.
  1797 | D:2      | 1797 ||| FLEEEEING.
  1798 | D:2      | 1798 ||| FLEEEEING.
  1799 | D:2      | 1799 ||| FLEEEEING.
  1800 | D:2      | 1800 ||| FLEEEEING.
  1801 | D:2      | 1801 ||| FLEEEEING.
  1803 | D:2      | 1803 ||| FLEEEEING.
  1813 | D:2      | 1813 ||| STAIRDANCE
  1856 | D:1      | 1856 ||| READING scroll labelled LOSHRE ROINOU.
  1856 | D:1      | Identified a scroll of acquirement
  1856 | D:1      | 1856 ||| ACQUIRING +4 hand axe of venom
  1856 | D:1      | Acquired a +4 hand axe of venom
  1858 | D:1      | 1858 ||| SWAPPING to +4 hand axe of venom.
  1859 | D:1      | 1859 ||| DROPPING +0 hand axe of electrocution.
  1864 | D:2      | 1864 ||| STAIRDANCE
  1947 | D:2      | 1947 ||| Stepping ~*~*~tactically~*~*~ (stealth).
  1983 | D:2      | 1983 ||| Stepping ~*~*~tactically~*~*~ (hiding).
  1984 | D:2      | 1984 ||| Stepping ~*~*~tactically~*~*~ (hiding).
  2212 | D:2      | 2212 ||| Stepping ~*~*~tactically~*~*~ (hiding).
  2221 | D:2      | 2221 ||| Stepping ~*~*~tactically~*~*~ (stealth).
  2223 | D:2      | 2223 ||| Stepping ~*~*~tactically~*~*~ (stealth).
  2287 | D:2      | 2287 ||| Stepping ~*~*~tactically~*~*~ (stealth).
  2333 | D:2      | Found a runed translucent door.
  2334 | D:2      | Noticed Crazy Yiuf
  2543 | D:2      | 2543 ||| READING scroll labelled JUSYAR ZICRECITU.
  2544 | D:2      | 2544 ||| READING scroll labelled RUNTUGGUEC.
  2545 | D:2      | 2545 ||| READING scroll labelled ZATASEN REURI.
  2546 | D:2      | 2546 ||| READING scroll labelled OTIECV CUSA.
  2547 | D:2      | 2547 ||| Stepping randomly (stuck).
  2552 | D:2      | Killed Crazy Yiuf
  2553 | D:2      | Gained mutation: Your magical nature lets you fly swiftly
                  | and evasively. [Tengu growth]
  2553 | D:2      | Reached XP level 5. HP: 17/30 MP: 9/9
  2708 | D:3      | 2708 ||| Stepping ~*~*~tactically~*~*~ (hiding).
  2895 | D:3      | Found a faded altar of an unknown god.
  3071 | D:3      | Found an opulent altar of Gozag.
  3075 | D:3      | Found Gozag's Platinum Reserve.
  3083 | D:3      | 3083 ||| SHOPLISTING ring "Negeu" {Wiz rN+ Dex+4} (4960
                  | gold, have 115).
  3083 | D:3      | 3083 ||| SHOPLISTING ring of Fuumpini {rN+ Str+4} (3540
                  | gold, have 115).
  3087 | D:3      | 3087 ||| Stepping ~*~*~tactically~*~*~ (stealth).
  3100 | D:3      | 3100 ||| Stepping ~*~*~tactically~*~*~ (stealth).
  3101 | D:3      | 3101 ||| Stepping ~*~*~tactically~*~*~ (stealth).
  3102 | D:3      | 3102 ||| Stepping ~*~*~tactically~*~*~ (stealth).
  3103 | D:3      | 3103 ||| Stepping ~*~*~tactically~*~*~ (stealth).
  3107 | D:3      | Reached skill level 6 in Axes
  3109 | D:3      | 3109 ||| Stepping ~*~*~tactically~*~*~ (stealth).
  3154 | D:3      | Noticed Grinder
  3155 | D:3      | 3155 ||| Stepping ~*~*~tactically~*~*~ (hiding).
  3161 | D:3      | HP: 3/30 [Grinder/nerve-wracking pain (7)]
  3162 | D:3      | Slain by Grinder

Levels and vault maps discovered:
D:1:      minmay_arrival_four_houses, layout_basic, serial_shops,
          nicolae_shop_behind_doors
D:2:      layout_basic, uniq_terence, uniq_crazy_yiuf_cottage, uniq_robin
D:3:      layout_loops_ring, nicolae_gozag_zags_fifth_avenue,
          shapermc_ecumenical_altar_rom_forum, uniq_grinder

Skill      XL: |  1  2  3  4  5 |
---------------+----------------+-----
Axes           | 3 4 5 6 |  6.1
Fighting       | |  2.0
Throwing       | |  1.0
Armour         | |  1.1
Dodging        | |  2.1
Spellcasting   | |  2.0
Translocations | |  2.4

Action                   |  1- 3 |  4- 6 || total
-------------------------+-------+-------++-------
Melee: Hand axe          |    59 |    74 ||   133
       Peck              |    10 |     9 ||    19
       Kick              |    12 |    17 ||    29
       Punch             |     1 |       ||     1
Throw: Boomerang         |     7 |       ||     7
  Use: Scroll            |     2 |     5 ||     7
 Stab: Distracted        |     1 |       ||     1
Armor: Leather armour    |     4 |       ||     4
       Scale mail        |       |    12 ||    12
Dodge: Dodged            |    23 |    32 ||    55

Table legend:
 A = Non-vault XP
 B = Vault XP
 C = Vault XP percentage of total XP
 D = Non-vault monster count
 E = Vault monster count
 F = Vault count percentage of total count
                 A         B        C        D         E       F
            +---------+---------+-------+---------+---------+-------
      Total |     136 |     103 |  43.1 |      55 |      10 |  15.4
            +---------+---------+-------+---------+---------+-------
        D:1 |      36 |       0 |   0.0 |      22 |       0 |   0.0
        D:2 |      54 |     103 |  65.6 |      18 |      10 |  35.7
        D:3 |      46 |       0 |   0.0 |      15 |       0 |   0.0
            +---------+---------+-------+---------+---------+-------
